 Dungeon Crawl Stone Soup version 0.29.1-2-gbd0b4ee654 (webtiles) character file.

Game seed: 9280053428116189509

62 LustLizard the Shooter (level 3, -1/18 HPs)
             Began as a Spriggan Hunter on Nov 2, 2022.
             Slain by a gnoll
             ... wielding a +0 club
              (2 damage)
             ... on level 2 of the Dungeon.
             The game lasted 00:02:20 (1341 turns).

LustLizard the Shooter (Spriggan Hunter)            Turns: 1341, Time: 00:02:21

Health: -1/18      AC:  3    Str:  7    XL:     3   Next: 85%
Magic:  4/4        EV: 17    Int: 12    God:
Gold:   22         SH:  0    Dex: 18    Spells: 2/2 levels left

rFire   . . .      SeeInvis +   a - +0 shortbow
rCold   . . .      Faith    .   (shield currently unavailable)
rNeg    . . .      Spirit   .   c - +0 robe
rPois   .          Reflect  .   (helmet restricted)
rElec   .          Harm     .   k - +0 cloak
rCorr   .          Rampage  .   (gloves unavailable)
Will    .....                   (boots unavailable)
Stlth   +++.......              (no amulet)
HPRegen 0.06/turn               (no ring)
MPRegen 0.09/turn               (no ring)

@: very quick
A: very small, no large weapons, unfitting armour, see invisible, speed 3
a: no special abilities


You were on level 2 of the Dungeon.
You visited 1 branch of the dungeon, and saw 2 of its levels.

You collected 22 gold pieces.

Inventory:

Hand Weapons
 a - a +0 shortbow (weapon)
Armour
 c - a +0 robe (worn)
 d - a +0 buckler
 k - a +0 cloak (worn)
Scrolls
 b - a scroll of immolation
 e - 3 scrolls of identify {unknown}
 g - a scroll of fog {unknown}
 i - a scroll of blinking {unknown}
Potions
 f - a potion of curing
 h - a potion of haste {unknown}
 j - a potion of flight {unknown}


   Skills:
 + Level 2.1 Fighting
 * Level 4.8 Ranged Weapons
 - Level 2.6 Dodging
 + Level 3.1 Stealth


You had 2 spell levels left.
You didn't know any spells.
Your spell library was empty.

Dungeon Overview and Level Annotations

Branches:
Dungeon (2/15)

Altars:


Innate Abilities, Weirdness & Mutations

You are very small and have problems with some larger weapons.
You are too small for most types of armour.
You have supernaturally acute eyesight. (SInv)
You cover ground extremely quickly. (Speed+++)


Message History

A ball python comes into view.
A gnoll comes into view. It is wielding a +0 flail.
The ball python moves out of view.
You shoot an arrow.
The arrow hits the kobold but does no damage.
You shoot an arrow. The arrow hits the kobold.
You kill the kobold!
A gnoll comes into view. It is wielding a +0 club.
A gnoll comes into view. It is wielding a +0 spear.
The gnoll moves out of view.
You shoot an arrow. The arrow hits the ball python!
You kill the ball python!
You hear a shout!
You shoot an arrow. The arrow barely misses the gnoll.
You shoot an arrow. The arrow hits the gnoll!
The gnoll is severely wounded.
The gnoll throws a throwing net.
The throwing net hits you.
You become entangled in the net!
You struggle against the net.
You tear a large gash into the net.
The gnoll closely misses you.
You rip the net and break free!
The gnoll throws a throwing net.
The throwing net hits you.
You become entangled in the net!
The gnoll closely misses you. The gnoll completely misses you.
You struggle against the net.
The gnoll hits you with a +0 club. The gnoll barely misses you.
The gnoll closely misses you.
You struggle against the net.
The gnoll barely misses you. x2
The gnoll hits you but does no damage. The gnoll barely misses you.
You struggle against the net.
The gnoll hits you with a +0 club.
The gnoll hits you from afar with a +0 spear.
The gnoll hits you but does no damage. The gnoll closely misses you.
You struggle against the net.
The gnoll hits you with a +0 club.
The gnoll hits you from afar with a +0 spear.
The gnoll closely misses you. x2
You struggle against the net.
The gnoll hits you with a +0 club. The gnoll closely misses you.
The gnoll hits you from afar with a +0 spear.
* * * LOW HITPOINT WARNING * * *
The gnoll closely misses you.
You shred the net and break free! The gnoll hits you with a +0 club.
You die...

♣....♣
#>##....###########.#.
#....# #..#...## #...
##..## ##.#<..# ##..
#...## #)##.## #.#
##...####.##..######
#..#
###...............#
#.## #...####.#.####..
###.## ###.# #.#.#
....... #[####g@g##
......# ..........#
...... (....(.g#g#
#.##. .........#.# .
## <...........
............#.
.......#?.#.< .......
... #. ###### .. ..


You could see 4 gnolls.

Vanquished Creatures
  Crazy Yiuf (D:2)
  2 bats (D:1)
  4 endoplasms
  A giant cockroach (D:2)
  4 goblins (D:1)
  4 hobgoblins (D:1)
  3 jackals (D:1)
  3 kobolds
  A quokka (D:1)
  2 ball pythons
  2 frilled lizards (D:1)
  4 rats (D:1)
31 creatures vanquished.

Vanquished Creatures (others)
  A plant (D:1)
1 creature vanquished.

Grand Total: 32 creatures vanquished

Notes
Turn   | Place    | Note
-------+----------+-------------------------------------------
     0 | D:1      | LustLizard the Spriggan Hunter began the quest for the Orb.
     0 | D:1      | Reached XP level 1. HP: 10/10 MP: 2/2
   113 | D:1      | Reached XP level 2. HP: 15/15 MP: 3/3
  1201 | D:2      | Reached XP level 3. HP: 18/18 MP: 4/4
  1256 | D:2      | Found a runed translucent door.
  1257 | D:2      | Noticed Crazy Yiuf
  1305 | D:2      | Killed Crazy Yiuf
  1341 | D:2      | Slain by a gnoll

Illustrated notes

Levels and vault maps discovered:
D:1:      saegor_arrival_under_anarchy, layout_basic
D:2:      layout_rooms, serial_shops, shop_fountains,
          ebering_ecumenical_altar_petrified, uniq_robin,
          uniq_crazy_yiuf_cottage

Skill      XL: |  1  2  3 |
---------------+----------+-----
Stealth        | 2 3 |  3.1
Fighting       | 2 |  2.1
Ranged Weapons | |  4.8
Dodging        | |  2.6

Action                   || total
-------------------------++-------
 Fire: Shortbow          ||   108
Armor: Robe              ||     7
Dodge: Dodged            ||    45
